 Dungeon Crawl Stone Soup version 0.21.0-25-ge575cb9ce8 (webtiles) character file.

153 Peloso the Shield-Bearer (level 5, -3/47 HPs)
             Began as a Minotaur Fighter on Jan 24, 2018.
             Killed by nerve-wracking pain
             ... invoked by Grinder
              (8 damage)
             ... on level 3 of the Dungeon.
             The game lasted 00:05:31 (1672 turns).

Peloso the Shield-Bearer (Minotaur Fighter)         Turns: 1672, Time: 00:05:32

Health: -3/47      AC: 10    Str: 20    XL:     5   Next: 12%
Magic:  4/4        EV: 11    Int:  5    God:
Gold:   132        SH: 10    Dex: 16    Spells: 4/4 levels left

rFire    . . .     SeeInvis .   a - +0 long sword
rCold    . . .     Gourm    .   c - +0 shield
rNeg     . . .     Faith    .   n - +0 chain mail
rPois    .         Spirit   .   (helmet restricted)
rElec    .         Reflect  .   (no cloak)
rCorr    .         Harm     .   (no gloves)
MR       .....     Rnd*Tele +   o - +0 pair of boots (curse)
Stlth    ..........             g - amulet of magic regeneration
HPRegen  0.15/turn              i - ring of teleportation (curse)
MPRegen  0.34/turn              (no ring)

@: agile
A: retaliatory headbutt, horns 2
a: no special abilities


You were on level 3 of the Dungeon.
You were not hungry.

You visited 1 branch of the dungeon, and saw 3 of its levels.

You collected 132 gold pieces.

Inventory:

Hand Weapons
 a - a +0 long sword (weapon)
Armour
 c - a +0 shield (worn)
 n - a +0 chain mail (worn)
 o - a cursed +0 pair of boots (worn)
Jewellery
 g - an amulet of magic regeneration (around neck)
 i - a cursed ring of teleportation (left hand)
Wands
 m - a wand of polymorph (7)
 p - a wand of random effects (27)
Scrolls
 e - 4 scrolls of identify {unknown}
 h - 5 scrolls of remove curse {unknown}
 l - a scroll of teleportation {unknown}
Potions
 d - a potion of might
 j - a potion of lignification {unknown}
 k - 2 potions of agility
Comestibles
 b - 3 chunks of flesh
 f - 8 rations


   Skills:
 + Level 4.3 Fighting
 + Level 3.8 Long Blades
 + Level 4.4 Armour
 + Level 0.6 Dodging
 + Level 0.1 Stealth
 + Level 5.1 Shields
 + Level 0.1 Unarmed Combat


You had 4 spell levels left.
You didn't know any spells.

Dungeon Overview and Level Annotations

Branches:
Dungeon (3/15)

Altars:
Ashenzari
Cheibriados
Elyvilon
Okawaru
Sif Muna
Wu Jian
Xom
The Shining One

Annotations:
D:3 Grinder


Innate Abilities, Weirdness & Mutations

You reflexively headbutt those who attack you in melee.
You have a pair of horns on your head.


Message History

Grinder hits you but does no damage. x2
You closely miss Grinder. You headbutt Grinder.
Grinder is severely wounded.
Grinder gestures at you. You resist with significant effort.
You hit Grinder. Your headbutt misses Grinder.
Grinder is severely wounded.
Grinder hits you but does no damage.
Your chain mail prevents you from hitting Grinder.
Grinder is severely wounded.
Grinder gestures at you. Pain shoots through your body!
* * * LOW HITPOINT WARNING * * *
You hit Grinder.
Grinder is severely wounded.
Grinder blinks!
Grinder says, "What is the universe for?"
Grinder gestures at you. Pain shoots through your body!
You die...

## .#.# #.......###
#...## #.#....##
####.....
#.#.#.#####........
#.#)............)..
#.#5#.####.###..†.(
#####..)....... #...##
...........####. #...#
##########........ .....#
#........@.#.############
#.##########... ####


You could see Grinder.

Vanquished Creatures
  An orc priest (D:3)
  Ijyb (D:3)
  3 adders
  An ooze (D:1)
  3 worms
  A dart slug (D:2)
  5 orcs (D:3)
  A giant cockroach (D:1)
  5 goblins
  6 hobgoblins
  6 jackals
  4 kobolds
  7 bats
  4 frilled lizards
  7 rats
55 creatures vanquished.

Notes
Turn   | Place    | Note
-------+----------+-------------------------------------------
     0 | D:1      | Peloso the Minotaur Fighter began the quest for the Orb.
     0 | D:1      | Reached XP level 1. HP: 19/19 MP: 0/0
   129 | D:1      | Reached XP level 2. HP: 26/27 MP: 1/1
   131 | D:1      | Reached skill level 4 in Shields
   499 | D:2      | Found a shattered altar of Ashenzari.
   546 | D:2      | Found a deep blue altar of Sif Muna.
   554 | D:2      | Found a snail-covered altar of Cheibriados.
   574 | D:2      | Reached XP level 3. HP: 33/33 MP: 2/2
   800 | D:2      | Found a glowing golden altar of the Shining One.
   901 | D:2      | Found a white marble altar of Elyvilon.
  1223 | D:3      | Found an ornate altar of the Wu Jian Council.
  1276 | D:3      | Reached XP level 4. HP: 40/40 MP: 3/3
  1308 | D:3      | Noticed Ijyb
  1325 | D:3      | Killed Ijyb
  1467 | D:3      | Reached skill level 5 in Shields
  1523 | D:3      | Found a shimmering altar of Xom.
  1541 | D:3      | Found an iron altar of Okawaru.
  1622 | D:3      | Reached XP level 5. HP: 47/47 MP: 4/4
  1646 | D:3      | Noticed Grinder
  1657 | D:3      | Paralysed by Grinder for 2 turns
  1661 | D:3      | Paralysed by Grinder for 5 turns
  1672 | D:3      | Killed from afar by Grinder

Skill      XL: |  1  2  3  4 |
---------------+-------------+-----
Shields        | 4 5 |  5.1
Fighting       | 4 |  4.3
Long Blades    | 3 |  3.8
Armour         | 4 |  4.4
Dodging        | |  0.6
Stealth        | |  0.1
Unarmed Combat | |  0.1

Action                   |  1- 3 |  4- 6 || total
-------------------------+-------+-------++-------
Melee: Long sword        |   102 |    57 ||   159
       Headbutt          |    16 |    17 ||    33
       Unarmed           |       |     8 ||     8
  Use: Potion            |       |     1 ||     1
 Stab: Confused          |       |     1 ||     1
  Eat: Chunk             |     1 |     2 ||     3
Armor: Scale mail        |    58 |     2 ||    60
       Chain mail        |       |    23 ||    23
Dodge: Dodged            |    42 |    10 ||    52
Block: Shield            |    70 |    26 ||    96
       Rpst.: Long sword |    11 |     6 ||    17
